Map: Void Training Stage 3

Players

Balltas - Winner!

  • Race: Terran Terran
  • League: Gold
  • Spawn Location: 6:00

Player 2

  • Race: Zerg Zerg
  • Spawn Location: 12:00

VOD

Have the link to the VOD?

Description

Time

  • Played on: Aug. 5, 2020, 3:03 p.m.
  • Length: 9:53
Show
View Real Time Build Order
Export as new Build Order

Balltas Terran - Winner!

Build Orders: Reaper Expand 

Get SALT Encoding   

  12  0:03  SCV  
  13  0:15  SCV  
  13  0:19  Supply Depot  
  14  0:27  SCV  
  15  0:40  SCV  
  16  0:43  Barracks  
  16  0:47  Refinery  
  16  0:53  SCV  
  17  1:05  SCV  
  18  1:17  SCV  
  19  1:30  Orbital Command  
  19  1:31  Reaper  
  20  1:44  Command Center  
  20  1:55  Supply Depot  
  20  2:08  Factory  
  20  2:09  Marine  
  20  2:15  SCV  
  22  2:21  Refinery  
  22  2:27  SCV  
  23  2:33  Marine  
  24  2:42  SCV  
  25  2:54  SCV  
  26  2:58  Orbital Command  
  26  3:06  SCV, Supply Depot  
  27  3:19  Starport  
  27  3:20  Factory Tech Lab  
  28  3:27  SCV  
  28  3:29  SCV  
  28  3:31  Barracks Tech Lab  
  29  3:39  SCV  
  30  3:41  SCV  
  31  3:50  Siege Tank  
  31  3:51  SCV, Command Center  
  31  3:53  SCV  
  31  3:54  Stimpack  
  36  4:03  SCV  
  36  4:05  SCV  
  38  4:22  Liberator  
  41  4:27  Marine  
  41  4:28  Siege Tank  
  45  4:35  Barracks  
  45  4:37  SCV, Supply Depot  
  45  4:38  SCV, Barracks  
  47  4:39  Supply Depot  
  47  4:50  SCV x2  
  49  4:57  Engineering Bay  
  49  5:00  Engineering Bay  
  49  5:02  SCV x2  
  49  5:05  Orbital Command  
  51  5:13  Refinery  
  51  5:14  SCV x2  
  53  5:15  Refinery  
  53  5:16  Marine  
  53  5:19  Siege Tank  
  53  5:20  Starport Reactor  
  57  5:26  SCV x2  
  59  5:34  Marine  
  60  5:41  SCV x3  
  63  5:48  Barracks Reactor x2  
  63  5:49  Combat Shield  
  63  5:52  Marine  
  63  5:53  SCV x3  
  63  5:54  Siege Tank  
  70  6:05  SCV x3  
  70  6:10  Medivac, Marine  
  76  6:14  Supply Depot  
  76  6:15  Supply Depot  
  76  6:28  Marine x5  
  76  6:29  Refinery x2  
  81  6:36  Terran Infantry Weapons Level 1, Terran Infantry Armor Level 1  
  81  6:45  Marine  
  81  6:46  Marine x4  
  82  6:56  Supply Depot x2  
  82  6:57  Supply Depot  
  82  6:58  Supply Depot  
  82  6:59  Armory  
  82  7:01  SCV x3  
  85  7:03  Marine  
  85  7:04  Marine x2, Siege Tank  
  91  7:10  Medivac  
  91  7:13  SCV x2  
  95  7:16  Marine x2  
  95  7:21  SCV  
  98  7:25  SCV x2  
  99  7:33  SCV  
  99  7:34  Marine x2  
  99  7:35  Marine x3  
  99  7:36  Siege Tank  
  108  7:37  SCV  
  108  7:41  Supply Depot  
  108  7:42  Supply Depot  
  109  7:48  Barracks  
  109  7:50  Barracks  
  109  7:52  Marine x2  
  109  7:53  Marine x3  
  109  7:55  Medivac x2  
  118  8:05  Supply Depot  
  118  8:07  Supply Depot  
  118  8:08  Siege Tank  
  118  8:10  Marine x2  
  118  8:11  Marine x3  
  118  8:12  SCV x2  
  128  8:13  SCV  
  129  8:24  SCV  
  129  8:25  SCV x2  
  132  8:28  Marine x2  
  134  8:38  Command Center  
  134  8:41  Siege Tank  
  137  8:50  Marine x5  
  137  8:54  Barracks Reactor x2  
  142  9:06  Supply Depot  
  142  9:07  Supply Depot, Marine x2  
  142  9:08  Marine  
  145  9:10  Viking x2  
Show
View Real Time Build Order
Export as new Build Order

Player 2 Zerg 

Build Orders: 1 Base Baneling Bust, Pool First 

Get SALT Encoding   

  12  0:00  Drone  
  13  0:13  Overlord  
  13  0:18  Drone  
  14  0:31  Drone  
  14  0:34  Drone  
  16  0:42  Spawning Pool  
  16  0:46  Drone  
  16  0:49  Drone  
  17  0:52  Extractor  
  17  0:56  Drone  
  17  1:06  Overlord  
  17  1:29  Zergling x2  
  17  1:32  Queen  
  20  1:38  Roach Warren  
  20  1:39  Drone  
  20  1:40  Extractor  
  20  1:45  Zergling x2  
  20  1:49  Drone  
  21  2:00  Drone  
  22  2:17  Overlord  
  22  2:22  Roach  
  24  2:38  Roach  
  24  2:40  Overlord  
  26  2:54  Roach  
  28  3:04  Drone  
  29  3:08  Drone  
  29  3:11  Roach  
  32  3:17  Overlord  
  32  3:22  Drone  
  32  3:26  Drone  
  34  3:27  Roach  
  36  3:35  Drone  
  37  3:42  Drone  
  37  3:43  Baneling Nest  
  37  3:44  Roach  
  37  3:45  Drone  
  40  3:52  Evolution Chamber  
  40  3:54  Drone  
  40  4:00  Roach  
  44  4:17  Roach  
  44  5:04  Zergling x2  
  44  6:38  Lair, Overlord, Drone  
  43  6:40  Drone  
  43  6:41  Evolution Chamber  
  43  6:43  Spore Crawler, Drone  
  43  6:46  Spore Crawler, Drone  
  37  6:49  Drone  
  37  6:50  Hatchery  
  37  6:52  Drone  
  36  6:55  Drone  
  36  6:58  Drone  
  36  7:01  Drone  
  38  7:04  Drone  
  38  7:07  Drone  
  40  7:10  Spine Crawler, Drone  
  40  7:12  Spine Crawler, Drone  
  41  7:15  Drone  
  41  7:18  Drone  
  41  7:21  Drone  
  38  7:25  Zergling x2  
  27  7:35  Queen  
  27  7:36  Overseer x2  
  29  7:37  Roach  
  29  7:41  Hydralisk Den  
  29  7:42  Drone  
  31  7:44  Infestation Pit  
  31  7:45  Drone, Spire  
  31  7:49  Roach  
  32  7:53  Drone  
  33  8:00  Drone  
  33  8:01  Roach  
  33  8:03  Drone  
  37  8:06  Drone  
  37  8:09  Drone  
  39  8:14  Roach  
  39  8:18  Drone  
  42  8:23  Drone  
  43  8:27  Roach, Drone  
  43  8:30  Drone  
  43  8:33  Drone  
  48  8:36  Drone  
  48  8:40  Drone  
  50  8:44  Drone  
  40  8:51  Zergling x2  
  40  8:55  Drone  
  27  9:03  Roach  
  26  9:15  Roach  
  26  9:26  Zergling x2, Drone  
  26  9:29  Drone  
  19  9:32  Drone  
  19  9:35  Drone  
Tags
 
Add a new tag
Caveats
  • Supply blocks, unpowered buildings, or Contaminate may cause inaccurate times.
  • Supply counts are checked every 10 seconds.